 Dungeon Crawl Stone Soup version 0.19-a0-75-g99403da (webtiles) character file.

177606 wvc the Slicer (level 17, -21/131 HPs)
             Began as a Mummy Wanderer on May 10, 2016.
             Was the Champion of Cheibriados.
             Killed from afar by a shock serpent (29 damage)
             ... with a bolt of electricity
             ... on level 4 of the Snake Pit on May 11, 2016.
             The game lasted 01:41:36 (38092 turns).

wvc the Slicer (Mummy Wanderer)                    Turns: 38092, Time: 01:41:37

Health: -21/131    AC: 16    Str: 35    XL:     17   Next: 54%
Magic:  39/39      EV: 23    Int: 35    God:    Cheibriados [******]
Gold:   69         SH: 20    Dex: 26    Spells: 7 memorised, 4 levels left

rFire  x . .     SeeInvis .     J - +9 rapier (drain)
rCold  + . .     Gourm    .     H - +4 troll leather armour
rNeg   + + +     Faith    .     Y - +5 shield {reflect}
rPois  ∞         Spirit   .     f - +0 helmet {Int+3}
rElec  .         Dismiss  .     K - +0 cloak
rCorr  .         Reflect  +     U - +2 pair of gloves
SustAt .         Harm     .     o - +0 pair of boots (curse)
MR     ++...                    y - amulet of regeneration
Stlth  ++........               h - ring of magical power
                                F - +3 ring of strength

@: very slow, very resistant to hostile enchantments, unstealthy
A: no food or potions, fire vulnerability, cold resistance 1, negative energy
resistance 3, torment resistance, unbreathing, in touch with death 1, restore
body
a: Self-Restoration, Bend Time, Temporal Distortion, Slouch, Step From Time,
Renounce Religion


You were on level 4 of the Snake Pit.
You worshipped Cheibriados.
Cheibriados was exalted by your worship.
You were not hungry.

You visited 4 branches of the dungeon, and saw 29 of its levels.
You visited 1 bazaar.

You collected 3264 gold pieces.
You spent 3195 gold pieces at shops.

Inventory:

Hand Weapons
 j - a +3 short sword of electrocution
 m - a +3 blowgun
 z - the +8 trident of Evolution {vamp, MR++ Int+4}
   (You found it in a bazaar)

   It inflicts no extra harm, but heals its wielder somewhat when it strikes a
   living foe.
   It affects your intelligence (+4).
   It affects your resistance to hostile enchantments.
 J - a +9 rapier of draining (weapon)
 Q - the +3 Elemental Staff {rElec rF++ rC++ MR++ AC+5}
   (You bought it in a shop on level 9 of the Dungeon)

   It affects your AC (+5).
   It greatly protects you from fire.
   It greatly protects you from cold.
   It insulates you from electricity.
   It affects your resistance to hostile enchantments.
Missiles
 d - 80 poisoned needles
 i - 14 javelins
 l - 9 curare-tipped needles
 w - a throwing net (quivered)
 P - 7 needles of confusion
Armour
 f - a +0 helmet of intelligence (worn)
 o - a cursed +0 pair of boots (worn)
 H - a +4 troll leather armour (worn)
 K - a +0 cloak (worn)
 U - a +2 pair of gloves (worn)
 Y - a +5 shield of reflection (worn)
Magical Staves
 k - an uncursed staff of wizardry
 v - an uncursed staff of energy
Rods
 x - a +1 lightning rod (14/14)
   (You found it on level 7 of the Dungeon)
 V - a -1 rod of clouds (14/14)
   (You found it on level 10 of the Dungeon)
Jewellery
 h - a ring of magical power (right hand)
 r - an uncursed ring of protection from fire
 y - an amulet of regeneration (around neck)
 F - a +3 ring of strength (left hand)
Wands
 n - a wand of confusion (39/48)
 p - a wand of lightning (8/15)
 t - a wand of iceblast (2/15)
 E - a wand of digging (9/24)
 R - a wand of acid (5/15)
 S - a wand of paralysis (8/24)
 X - a wand of lightning (9/15)
Scrolls
 a - 2 scrolls of fear
 b - 7 scrolls of identify
 c - a scroll of summoning
 g - 2 scrolls of amnesia
 q - 2 scrolls of noise
 s - 8 scrolls of remove curse
 A - 6 scrolls of recharging
 B - 2 scrolls of magic mapping
 C - 2 scrolls of enchant armour
 G - 2 scrolls of fog
 I - 3 scrolls of vulnerability
 L - a scroll of brand weapon
 M - a scroll of teleportation
 Z - a scroll of blinking
Miscellaneous
 e - a fan of gales
 u - a box of beasts
 D - a sack of spiders {used: 6}
 N - a legendary deck of defence {Exile}
 O - a phantom mirror
 T - a legendary deck of changes {the Potion}


   Skills:
 * Level 11.5 Fighting
 - Level 12.0 Short Blades
 - Level 12.0 Staves
 - Level 1.0 Throwing
 + Level 6.6 Armour
 + Level 11.0 Dodging
 - Level 1.0 Stealth
 * Level 9.7 Shields
 - Level 1.0 Unarmed Combat
 - Level 9.0 Spellcasting
 - Level 9.0 Necromancy
 - Level 3.5 Translocations
 - Level 1.2 Invocations
 - Level 3.4 Evocations


You had 4 spell levels left.
You knew the following spells:

 Your Spells              Type           Power        Failure   Level  Hunger
a - Vampiric Draining     Necr           #######...   1%          3    N/A
b - Animate Dead          Necr           N/A          1%          4    N/A
c - Passwall              Trmt/Erth      ###.......   12%         2    N/A
d - Controlled Blink      Tloc           N/A          100%        8    N/A
e - Deflect Missiles      Chrm/Air       ###.......   100%        6    N/A
f - Control Undead        Necr           #######...   1%          4    N/A
g - Ozocubu's Armour      Chrm/Ice       ###.....     21%         3    N/A

Dungeon Overview and Level Annotations

Branches:
Dungeon (15/15)            Temple (0/1) D:5            Lair (8/8) D:8
 Shoals (0/4) Lair:3        Snake (4/4) Lair:3        Slime (0/6) Lair:7
    Orc (2/2) D:10            Elf (0/3) Orc:2        Vaults (0/5) D:13
 Depths (0/5) D:15

Altars:
Ashenzari
Cheibriados
Dithmenos
Elyvilon
Fedhas
Gozag
Makhleb
Nemelex Xobeh
Pakellas
Qazlal
Ru
Sif Muna
Trog
Vehumet
Xom
Yredelemnul
The Shining One
Beogh
Jiyva

Shops:
D:6 *   D:9 (   D:15 ?   Orc:2 [(=*   Snake:3 ?

Portals:
Trove: D:10 (give wand of heal wounds (9))

Annotations:
D:3 Jessica
Snake:2 Vashnia


Innate Abilities, Weirdness & Mutations

You do not eat or drink.
Your flesh is vulnerable to fire.
You are immune to poison.
Your flesh is cold resistant.
You are immune to negative energy.
You are immune to unholy pain and torment.
You can survive without breathing.
You are in touch with the powers of death.
You can restore your body by infusing magical energy.


Message History

The bolt of electricity hits you!
* * * LOW HITPOINT WARNING * * *
The shock serpent shoots out a bolt of lightning at you!
The bolt of electricity misses you.
Your shield prevents you from hitting the shock serpent.
The shock serpent is moderately wounded.
The shock serpent bites you but does no damage.
You puncture the shock serpent! You drain the shock serpent!
The shock serpent is almost dead.
The shock serpent's electric aura discharges, shocking you!
* * * LOW HITPOINT WARNING * * *
The shock serpent misses you.
You barely miss the shock serpent.
The shock serpent is almost dead.
You block the shock serpent's attack.
You completely miss the shock serpent.
The shock serpent is almost dead.
The shock serpent shoots out a bolt of lightning at you!
The bolt of electricity hits you!
You die...

##### #...# #.#.#
##########
###...#######.........
#...........##..#.....
#.............#.).....
#......[.......#.Z....
##.......)............
#...@...))####.......
#...S..........<.....
#........###.........
##.......######......
#.....#.#.......####
#.....#...###.......
##..#.#........#####
#..#...#(.....# #
+a........#####


You could see a shock serpent.

Vanquished Creatures
  Norris (Snake:2)
  Saint Roka (Orc:2)
  Rupert (D:13)
  Gastronok (Lair:3)
  Donald (Orc:2)
  4 greater nagas
  Maud (D:10)
  Aizul (Snake:2)
  A salamander stormcaller (D:14)
  Azrael (D:15)
  Nessos (Orc:2)
  Snorg (D:10)
  An ettin (D:15)
  2 vault guards
  A fire dragon (Lair:8)
  A catoblepas (Lair:7)
  8 naga warriors
  11 hydras
  3 centaur warriors
  A queen ant (Lair:6)
  7 anacondas
  A death knight (D:12)
  5 shock serpents
  14 death yaks
  An orc high priest (Orc:2)
  3 naga sharpshooters
  Nergalle (Lair:1)
  Sonja (D:13)
  4 skeletal warriors (D:13)
  A fire crab (D:13)
  The ghost of Duffy the Grappler, a novice MiTm of Cheibriados (D:7)
  2 unseen horrors
  6 naga ritualists
  4 hill giants
  A lindwurm (Lair:8)
  Pikel (D:7)
  2 orc knights
  A deep elf mage (D:15)
  A necromancer (D:15)
  3 manticores
  8 salamanders
  An orc sorcerer (Orc:2)
  8 mana vipers
  2 griffons
  3 cyclopes
  12 ugly things
  The ghost of Lugonue the Unseen, a novice SpEn of Sif Muna (D:10)
  9 elephants
  2 centaur zombies
  4 guardian serpents
  A spiny frog (shapeshifter) (D:15)
  8 torpor snails
  25 black mambas
  4 gargoyles
  11 naga magi
  6 centaur skeletons
  10 spiny frogs
  2 tengu conjurers (D:15)
  2 kobold demonologists
  A redback zombie (D:13)
  8 rime drakes
  11 komodo dragons
  A freezing wraith (D:12)
  2 trolls
  2 two-headed ogres
  2 giant leeches (Lair:8)
  6 polar bears (Lair:8)
  A harpy skeleton (D:15)
  5 slime creatures
  17 blink frogs
  A boulder beetle (Lair:8)
  2 raiju (Lair:8)
  A centaur simulacrum (D:14)
  A shadow (D:13)
  An air elemental (D:12)
  A spriggan (Lair:4)
  A redback (D:13)
  11 wyverns
  42 yaks
  Sigmund (D:5)
  4 wraiths
  2 basilisks (D:14)
  A fire elemental (D:12)
  A steam dragon (D:11)
  16 hippogriffs
  A hungry ghost (D:13)
  Grum (D:11)
  Menkaure (D:4)
  A mottled dragon (D:15)
  4 wargs
  22 nagas
  4 swamp worms (Lair:1)
  19 water moccasins
  5 soldier ants (Lair:6)
  13 hell hounds
  2 ice beasts
  2 wasps (Lair:8)
  11 porcupines
  32 orc warriors
  5 sky beasts
  13 black bears
  5 phantoms
  13 ogres
  17 wolves
  23 centaurs
  11 crocodiles
  3 big kobolds
  19 giant frogs
  A wyvern zombie (D:10)
  An earth elemental (D:12)
  A wyvern skeleton (D:10)
  7 scorpions
  23 killer bees
  24 wights
  An electric eel (Lair:2)
  4 crimson imps
  A giant frog zombie (D:6)
  3 jellies
  13 hounds
  28 orc priests
  A giant frog skeleton (D:11)
  21 orc wizards
  20 worker ants
  8 iguanas
  13 sheep
  2 hound skeletons
  A hound zombie (D:5)
  2 worker ant zombies
  13 gnolls
  10 adders
  54 river rats
  3 shadow imps
  2 oozes
  An adder skeleton (D:6)
  18 worms
  A dart slug (D:1)
  5 giant geckos
  92 orcs
  5 giant cockroaches
  12 goblins
  8 hobgoblins
  16 jackals
  22 kobolds
  8 quokkas
  3 ball pythons (D:1)
  7 bats
  A giant gecko skeleton (D:4)
  4 giant newts
  A quokka skeleton (D:8)
  8 rats
1060 creatures vanquished.

Vanquished Creatures (collateral kills)
  4 naga warriors
  A rakshasa (D:14)
  A centaur warrior (D:15)
  5 death yaks
  3 anacondas
  An ogre mage (D:15)
  A tengu warrior (D:15)
  3 naga sharpshooters
  A salamander mystic (Snake:4)
  An unseen horror (D:15)
  A hill giant (D:15)
  A mana viper (Snake:2)
  A lindwurm (Lair:8)
  An ugly thing (D:15)
  An orc sorcerer (D:15)
  A cyclops (Orc:2)
  A salamander (Snake:1)
  6 black mambas
  3 naga magi
  An elephant (Lair:3)
  A spiny frog (Lair:1)
  A rime drake (D:14)
  2 centaur skeletons (D:15)
  A torpor snail (Lair:8)
  2 komodo dragons
  A giant leech (Lair:8)
  2 polar bears (Lair:8)
  3 blink frogs
  A wyvern (D:13)
  7 yaks
  A wraith (D:15)
  2 hippogriffs
  2 mottled dragons
  A swamp worm (Lair:1)
  2 wargs (Lair:8)
  9 nagas
  3 porcupines
  3 water moccasins
  A hell hound (D:14)
  3 orc warriors (Orc:2)
  2 black bears (Lair:8)
  2 wasps (Lair:8)
  3 wolves
  A centaur (D:15)
  A crocodile (Lair:3)
  3 giant frogs
  A wight (D:11)
  An electric eel (Lair:2)
  A crimson imp (D:15)
  2 hounds
  6 iguanas
  A worker ant (D:10)
  3 sheep
  11 river rats
  12 worms
  7 orcs
  7 fungi
  9 plants
159 creatures vanquished.

Vanquished Creatures (others)
  A naga sharpshooter (Snake:2)
  A water elemental (D:12)
  4 slaves (D:7)
  An ogre (D:7)
  2 centaurs (D:12)
  A hound (D:7)
  A hound zombie (D:7)
  2 orcs
  21 fungi
  40 plants
74 creatures vanquished.

Grand Total: 1293 creatures vanquished

Notes
Turn   | Place    | Note
--------------------------------------------------------------
     0 | D:1      | wvc the Mummy Wanderer began the quest for the Orb.
     0 | D:1      | wvc set off with: a scroll of fear, a scroll of blinking, a scroll of teleportation, 12 poisoned needles, a +0 blowgun, a +0 robe
     0 | D:1      | Reached XP level 1. HP: 16/16 MP: 1/1
   281 | D:1      | Reached skill level 1 in Dodging
   514 | D:1      | Reached XP level 2. HP: 22/22 MP: 2/2
  2940 | D:1      | Reached XP level 3. HP: 16/27 MP: 3/3
  5754 | D:1      | Reached skill level 1 in Short Blades
  5940 | D:2      | Found a stormy altar of Qazlal.
  6426 | D:2      | Reached XP level 4. HP: 20/33 MP: 4/4
  7331 | D:3      | Reached XP level 5. HP: 32/38 MP: 5/5
  7462 | D:3      | Noticed Jessica
  7770 | D:3      | Found a sacrificial altar of Ru.
  7870 | D:3      | Found a basalt altar of Yredelemnul.
  8116 | D:4      | Found a snail-covered altar of Cheibriados.
  8136 | D:4      | Became a worshipper of Cheibriados the Contemplative
  8151 | D:4      | Noticed an ogre
  8162 | D:4      | Killed an ogre
  8302 | D:4      | Reached XP level 6. HP: 34/44 MP: 6/6
  8451 | D:4      | Noticed Menkaure
  8460 | D:4      | Killed Menkaure
  8460 | D:4      | Reached skill level 5 in Short Blades
  8887 | D:4      | Reached * piety under Cheibriados
  9206 | D:4      | Found a burning altar of Makhleb.
  9211 | D:4      | Reached XP level 7. HP: 47/50 MP: 7/7
  9212 | D:4      | Found a radiant altar of Vehumet.
  9569 | D:4      | Found a bloodstained altar of Trog.
  9575 | D:4      | Reached ** piety under Cheibriados
  9645 | D:5      | Entered Level 5 of the Dungeon
  9795 | D:5      | Found a white marble altar of Elyvilon.
 10011 | D:5      | Found a staircase to the Ecumenical Temple.
 10438 | D:5      | Noticed Sigmund
 10445 | D:5      | Reached XP level 8. HP: 52/56 MP: 8/8
 10450 | D:5      | Killed Sigmund
 10532 | D:5      | Learned a level 3 spell: Vampiric Draining
 10537 | D:5      | Learned a level 4 spell: Animate Dead
 10759 | D:5      | Found a shimmering altar of Xom.
 11115 | D:6      | Reached skill level 1 in Necromancy
 11141 | D:6      | Found a glowing golden altar of the Shining One.
 11255 | D:6      | Found Qyekk's Assorted Antiques.
 11260 | D:6      | Bought a scroll of enchant weapon for 165 gold pieces
 11260 | D:6      | Bought a scroll of identify for 44 gold pieces
 11580 | D:6      | Found a burning altar of Makhleb.
 11580 | D:6      | Noticed a cacodemon
 11758 | D:6      | Noticed an orange demon
 11758 | D:6      | Noticed an orange demon
 11816 | D:6      | Reached *** piety under Cheibriados
 12038 | D:6      | Reached XP level 9. HP: 46/62 MP: 9/9
 12249 | D:7      | Noticed Pikel
 12276 | D:7      | Killed Pikel
 12276 | D:7      | Reached skill level 5 in Armour
 12596 | D:7      | Noticed Duffy's ghost (novice MiTm)
 12825 | D:7      | Killed Duffy's ghost
 12825 | D:7      | Reached skill level 1 in Spellcasting
 13024 | D:7      | Reached **** piety under Cheibriados
 13250 | D:7      | Reached skill level 1 in Evocations
 13327 | D:7      | Reached XP level 10. HP: 70/70 MP: 12/12
 13854 | D:8      | Found a roughly hewn altar of Beogh.
 13993 | D:8      | Reached ***** piety under Cheibriados
 14009 | D:8      | Found a staircase to the Lair.
 14083 | D:8      | Found a shattered altar of Ashenzari.
 14884 | D:9      | Found a blossoming altar of Fedhas.
 14886 | D:9      | Found an oddly glowing altar of Pakellas.
 14984 | D:9      | Reached skill level 10 in Short Blades
 15367 | D:9      | Found an opulent altar of Gozag.
 15368 | D:9      | Found a sparkling altar of Nemelex Xobeh.
 15493 | D:9      | Found Oginiont's Weapon Shop.
 15546 | D:9      | Got an iridescent trident
 15547 | D:9      | Identified the cursed +3 trident of Hita {venom, rF+ Dex+3} (You found it on level 9 of the Dungeon)
 15595 | D:9      | Found a deep blue altar of Sif Muna.
 16273 | D:9      | Reached skill level 5 in Necromancy
 16476 | D:10     | Entered Level 10 of the Dungeon
 16542 | D:10     | Reached skill level 5 in Dodging
 16650 | Lair:1   | Entered Level 1 of the Lair of Beasts
 16680 | Lair:1   | Noticed a black mamba
 16695 | Lair:1   | Killed a black mamba
 16924 | Lair:1   | Reached skill level 5 in Fighting
 16924 | Lair:1   | Reached XP level 11. HP: 64/79 MP: 9/13
 17745 | Lair:1   | Noticed Nergalle
 17750 | Lair:1   | Noticed a spectral orc warlord
 17766 | Lair:1   | Noticed a spectral orc warlord
 17784 | Lair:1   | Killed Nergalle
 17900 | Lair:1   | Reached ****** piety under Cheibriados
 18756 | Lair:2   | Noticed a four-headed hydra
 18764 | Lair:2   | Killed a four-headed hydra
 19050 | Lair:3   | Found a staircase to the Snake Pit.
 19086 | Lair:3   | Reached XP level 12. HP: 73/88 MP: 16/16
 19092 | Lair:3   | Found a staircase to the Shoals.
 19097 | Lair:3   | Learned a level 2 spell: Passwall
 19106 | Lair:3   | Learned a level 8 spell: Controlled Blink
 19126 | Lair:3   | Noticed Gastronok
 19137 | Lair:3   | Killed Gastronok
 19254 | Lair:3   | Found a shadowy altar of Dithmenos.
 19924 | Lair:3   | Noticed a seven-headed hydra
 19932 | Lair:3   | Killed a seven-headed hydra
 20030 | Lair:4   | Noticed a six-headed hydra
 20037 | Lair:4   | Killed a six-headed hydra
 20481 | Lair:4   | Noticed a death yak
 20481 | Lair:4   | Noticed a death yak
 20482 | Lair:4   | Noticed a death yak
 20483 | Lair:4   | Noticed a death yak
 20490 | Lair:4   | Noticed a death yak
 20495 | Lair:4   | Killed a death yak
 20503 | Lair:4   | Killed a death yak
 20522 | Lair:4   | Killed a death yak
 20525 | Lair:4   | Killed a death yak
 20529 | Lair:4   | Killed a death yak
 20759 | Lair:4   | Noticed a four-headed hydra
 20764 | Lair:4   | Killed a four-headed hydra
 20764 | Lair:4   | Gained mutation: You are in touch with the powers of death. [Mummy growth]
 20764 | Lair:4   | Gained mutation: You can restore your body by infusing magical energy. [Mummy growth]
 20764 | Lair:4   | Reached XP level 13. HP: 80/96 MP: 19/19
 21139 | Lair:5   | Reached skill level 5 in Spellcasting
 22455 | Lair:7   | Found a viscous altar of Jiyva.
 22455 | Lair:7   | Found a staircase to the Slime Pits.
 22496 | Lair:7   | Got a slimy lajatang
 22497 | Lair:7   | Identified the cursed +2 lajatang of the Eel {vamp, rF+ rC+ Dex+2} (You found it on level 7 of the Lair of Beasts)
 23273 | Lair:8   | Entered Level 8 of the Lair of Beasts
 23327 | Lair:8   | Reached skill level 10 in Fighting
 23381 | Lair:8   | Reached XP level 14. HP: 66/110 MP: 18/23
 23555 | Lair:8   | HP: 1/110 [death yak (13)]
 23557 | Lair:8   | Found a runed door.
 23947 | Lair:8   | Reached skill level 10 in Dodging
 24321 | Lair:8   | Reached skill level 1 in Translocations
 24693 | Lair:8   | Reached skill level 1 in Shields
 25736 | D:10     | Noticed Lugonue's ghost (novice SpEn)
 25741 | D:10     | Killed Lugonue's ghost
 25879 | D:10     | Found a staircase to the Orcish Mines.
 26103 | D:10     | Found a portal to a secret trove of treasure.
 26145 | D:10     | Noticed Maud
 26155 | D:10     | Killed Maud
 26286 | D:10     | Identified a -1 rod of clouds (14/14) (You found it on level 10 of the Dungeon)
 26375 | D:10     | Noticed Snorg
 26395 | D:10     | Killed Snorg
 26585 | D:10     | Learned a level 6 spell: Deflect Missiles
 26590 | D:10     | Learned a level 4 spell: Control Undead
 26821 | Orc:1    | Entered Level 1 of the Orcish Mines
 27196 | Orc:2    | Entered Level 2 of the Orcish Mines
 27313 | Orc:2    | Noticed Nessos
 27343 | Orc:2    | Killed Nessos
 27406 | Orc:2    | Noticed Donald
 27426 | Orc:2    | Killed Donald
 27426 | Orc:2    | Reached XP level 15. HP: 105/117 MP: 28/28
 27708 | Orc:2    | Found a roughly hewn altar of Beogh.
 27708 | Orc:2    | Found Mazybaka's Assorted Antiques.
 27749 | Orc:2    | Bought a scroll of identify for 64 gold pieces
 27749 | Orc:2    | Bought a scroll of recharging for 304 gold pieces
 27749 | Orc:2    | Bought a fine bronze ring for 160 gold pieces
 27749 | Orc:2    | Bought a brass wand for 128 gold pieces
 27749 | Orc:2    | Identified the ring of Panentheism {Ice Dex+4} (You bought it in a shop on level 2 of the Orcish Mines)
 27917 | Orc:2    | Found a roughly hewn altar of Beogh.
 27939 | Orc:2    | Found Iriyler's Jewellery Shop.
 28034 | Orc:2    | Found a roughly hewn altar of Beogh.
 28067 | Orc:2    | Found a roughly hewn altar of Beogh.
 28234 | Orc:2    | Found a staircase to the Elven Halls.
 28274 | Orc:2    | Noticed Saint Roka
 28277 | Orc:2    | Reached skill level 5 in Shields
 28279 | Orc:2    | Found Fosyv's Antique Weapon Boutique.
 28286 | Orc:2    | Reached skill level 1 in Invocations
 28303 | Orc:2    | Killed Saint Roka
 28314 | Orc:2    | Found a roughly hewn altar of Beogh.
 28427 | Orc:2    | Found Gigi's Antique Armour Shop.
 28703 | D:9      | Bought the +3 Elemental Staff {rElec rF++ rC++ MR++ AC+5} for 1233 gold pieces
 28829 | D:6      | Bought a scroll of blinking for 165 gold pieces
 29060 | D:11     | Noticed Grum
 29083 | D:10     | Reached skill level 1 in Staves
 29102 | D:11     | Killed Grum
 29911 | D:12     | Got a tiger eye-encrusted leather armour
 29912 | D:12     | Identified the cursed +1 leather armour of the Cricket {rF+ Str+4 Int+2} (You found it on level 12 of the Dungeon)
 29931 | D:12     | Identified a scroll of acquirement
 30574 | D:12     | Found a large runed door.
 30574 | D:12     | Found a large runed door.
 30975 | D:13     | Noticed Rupert
 31004 | D:13     | Killed Rupert
 31253 | D:13     | Reached skill level 5 in Staves
 31465 | D:13     | Found a gate to the Vaults.
 31639 | D:13     | Noticed Sonja
 31662 | D:13     | Killed Sonja
 31731 | D:15     | Entered Level 15 of the Dungeon
 31731 | D:15     | Noticed Azrael
 31744 | D:15     | Killed Azrael
 32158 | D:14     | Learned a level 3 spell: Ozocubu's Armour
 32632 | D:15     | Reached XP level 16. HP: 106/124 MP: 29/29
 33088 | D:15     | Found Zicosh's Magic Scroll Shop.
 33107 | D:15     | Bought a scroll of teleportation for 51 gold pieces
 33107 | D:15     | Bought a scroll of brand weapon for 340 gold pieces
 33107 | D:15     | Bought a scroll of enchant weapon for 127 gold pieces
 33107 | D:15     | Bought a scroll of enchant weapon for 127 gold pieces
 33107 | D:15     | Bought a scroll of identify for 34 gold pieces
 33254 | D:15     | Reached skill level 10 in Staves
 33561 | D:15     | Found a staircase to the Depths.
 34073 | Snake:1  | Entered Level 1 of the Snake Pit
 34836 | Snake:2  | Found a flickering gateway to a bazaar.
 34938 | Bazaar   | Entered a bazaar
 34938 | Bazaar   | Found Azumeava's Armour Boutique.
 34938 | Bazaar   | Found Jaodes's Antique Armour Shop.
 34938 | Bazaar   | Found Bawn's Weapon Shop.
 34943 | Bazaar   | Got an ichor-stained trident
 35099 | Snake:2  | Noticed Aizul
 35130 | Snake:2  | Killed Aizul
 35161 | Snake:2  | Identified the +8 trident of Evolution {vamp, MR++ Int+4} (You found it in a bazaar)
 35170 | Snake:2  | Noticed Vashnia
 35207 | Snake:2  | Noticed Norris
 35590 | Snake:2  | Killed Norris
 35872 | Snake:2  | Reached XP level 17. HP: 49/131 MP: 30/30
 37238 | Snake:3  | Found Syxtumeg's Magic Scroll Shop.
 37242 | Snake:3  | Bought a scroll of brand weapon for 220 gold pieces
 37242 | Snake:3  | Bought a scroll of teleportation for 33 gold pieces
 37612 | Snake:4  | Entered Level 4 of the Snake Pit
 37734 | Snake:4  | HP: 6/131 [naga sharpshooter/bolt (17)]
 38090 | Snake:4  | HP: 6/131 [shock serpent/electric aura (13)]
 38092 | Snake:4  | Killed from afar by a shock serpent

Vault maps used:
D:1:      minmay_arrival_checkered_box, minmay_misc_feat_diagonals,
          minmay_shallow_snake_nest
D:2:      nicolae_overflow_crystal_walls, minmay_misc_feat_ornament
D:3:      old_standard_altar, lemuel_round_altar, first_bread, tgw_sif
D:4:      grunt_temple_overflow_lords_of_destruction, old_standard_altar,
          trog_butcher_becter, uniq_menkaure
D:5:      kennysheep_mini_moat, old_standard_altar, minmay_temple_entry_trees,
          minmay_statues_item, uniq_sigmund
D:6:      black_bear_nest_2, overflow_temple_1_default, serial_shops,
          kennysheep_little_box, makhleb_altar_promises_db
D:7:      grunt_ogre_cave, uniq_pikel
D:8:      lemuel_coloured_pillars_altar, lair_0_dummy, david_defended_altar_orc
D:9:      grunt_temple_overflow_opulence, grunt_temple_overflow_open,
          serial_shops, nicolae_shop_waterfront, lemuel_centaur_altar
D:10:     david_orc_4, enter_trove_5, grunt_ministairs_12,
          kennysheep_generic_room_13, uniq_snorg, uniq_maud
D:11:     uniq_grum
D:12:     lightli_elemental_guards
D:13:     david_vaults_5, uniq_sonja, uniq_rupert
D:14:     minmay_staircase_bubble
D:15:     hangedman_depths_entry_civil_slaughter, serial_shops,
          nicolae_shop_waterfront, uniq_azrael
Lair:1:   serial_bayou_lagoon_a, fungi_pond_lemuel, worms_lemuel,
          grunt_megastairs_2, uniq_nergalle
Lair:2:   serial_bayou_pond_a, nicolae_lair_grove_arrangements,
          beast_lair_carwin_7, serial_bayou_shore_a, lemuel_fruit_fields,
          grunt_megastairs_1
Lair:3:   statuecave_lemuel, shoals_dummy_entry, guppyfry_snake_entry_garden,
          basic_altar, patterned_corridor, uniq_gastronok
Lair:4:   grunt_forest_large_clearing_hut
Lair:6:   st_stairs_3, wad_woods_antlair
Lair:7:   slime_altar_1, lemuel_fruit_tree
Lair:8:   wormcave, hangedman_lair_caniforms_friends, st_stairs_13,
          grunt_megastairs_5
Snake:2:  serial_shops, bzr_entry_lakeside, uniq_aizul, uniq_norris,
          uniq_vashnia
Snake:3:  serial_shops, nicolae_shop_stone
Snake:4:  johnstein_snake_rune_scales, serial_bayou_shore_b
Orc:2:    grunt_orc_community_town_hall, grunt_orc_community_big_house_1,
          grunt_orc_community_big_house_2, grunt_orc_community_house_2,
          grunt_orc_community_house_3, grunt_orc_community_house_1,
          grunt_orc_community_house_1, grunt_orc_community_house_2,
          grunt_orc_community_house_1, uniq_donald, uniq_nessos, uniq_saint_roka
Bazaar:   bazaar_outfitter

Skill      XL: |  1  2  3  4  5  6  7  8  9 10 11 12 13 14 15 16 17 |
---------------+----------------------------------------------------+-----
Dodging        | 1 2 3 5 6 8 9 10 11 | 11.0
Short Blades   | 2 3 4 5 7 8 9 10 11 12 | 12.0
Necromancy     | 2 3 5 7 9 |  9.0
Armour         | 6 |  6.6
Fighting       | 3 5 6 7 10 11 | 11.5
Spellcasting   | 1 3 4 6 9 |  9.0
Evocations     | 1 2 3 |  3.4
Translocations | 3 |  3.5
Shields        | 4 6 7 9 |  9.7
Invocations    | 1 |  1.2
Staves         | 8 12 | 12.0
Throwing       | |  1.0
Stealth        | |  1.0
Unarmed Combat | |  1.0

Action                   |  1- 3 |  4- 6 |  7- 9 | 10-12 | 13-15 | 16-18 || total
-------------------------+-------+-------+-------+-------+-------+-------++-------
Melee: Dagger            |    88 |       |       |       |       |       ||    88
       Short sword       |    25 |   207 |   335 |   846 |  1840 |   243 ||  3496
       Punch             |       |       |       |     9 |     1 |       ||    10
       Staff             |       |       |       |       |   685 |   652 ||  1337
       Rapier            |       |       |       |       |       |   417 ||   417
 Fire: Blowgun           |    10 |     4 |    10 |       |       |     8 ||    32
Throw: Throwing net      |       |       |       |     3 |     8 |     1 ||    12
 Cast: Vampiric Draining |       |       |     4 |     2 |     1 |       ||     7
       Animate Dead      |       |       |       |    31 |    86 |    50 ||   167
       Ozocubu's Armour  |       |       |       |       |     1 |       ||     1
Invok: Slouch            |       |       |       |       |     8 |       ||     8
Evoke: Rod               |       |       |     3 |    23 |    21 |       ||    47
       Wand              |       |       |     3 |     1 |     3 |       ||     7
       Sack of spiders   |       |       |       |     5 |       |     2 ||     7
  Use: Scroll            |       |     4 |     8 |    21 |    21 |    26 ||    80
 Stab: Sleeping          |     2 |       |       |     7 |     8 |     9 ||    26
       Distracted        |       |       |     1 |     6 |    28 |    14 ||    49
       Held in net/web   |       |       |       |     4 |     5 |       ||     9
       Fleeing           |       |       |       |       |     1 |       ||     1
Armor: Robe              |    15 |     9 |       |       |       |       ||    24
       Ring mail         |       |    71 |    78 |    73 |       |       ||   222
       Troll leather arm |       |       |       |    97 |   403 |   182 ||   682
Dodge: Dodged            |    68 |   148 |   141 |   566 |  1773 |   638 ||  3334
Block: Buckler           |       |       |       |       |   149 |       ||   149
       Shield            |       |       |       |       |  1109 |  1120 ||  2229
       Reflection        |       |       |       |       |    40 |    90 ||   130
